 Dungeon Crawl Stone Soup version 0.28.0-43-g3370ac3207 (webtiles) character file.

Game seed: 8346653854266546194

85 Faeu the Skirmisher (level 4, -7/41 HPs)
             Began as a Minotaur Fighter on Mar 27, 2022.
             Mangled by an iguana (10 damage)
             ... on level 3 of the Dungeon.
             The game lasted 00:04:31 (1432 turns).

Faeu the Skirmisher (Minotaur Fighter)              Turns: 1432, Time: 00:04:32

Health: -7/41      AC:  7    Str: 22    XL:     4   Next: 25%
Magic:  3/3        EV:  9    Int:  5    God:
Gold:   89         SH:  4    Dex: 10    Spells: 3/3 levels left

rFire   . . .      SeeInvis .   a - +0 long sword {long}
rCold   . . .      Faith    .   c - +0 buckler
rNeg    . . .      Spirit   .   b - +0 scale mail
rPois   .          Reflect  .   (helmet restricted)
rElec   .          Harm     .   (no cloak)
rCorr   .          Rampage  .   (no gloves)
Will    .....                   (no boots)
Stlth   ..........              f - amulet of regeneration {@e2}
HPRegen 0.93/turn               (no ring)
MPRegen 0.08/turn               (no ring)

@: mighty
A: horns 2, retaliatory headbutt
a: no special abilities


You were on level 3 of the Dungeon.
You visited 1 branch of the dungeon, and saw 3 of its levels.

You collected 89 gold pieces.


Innate Abilities, Weirdness & Mutations

You have a pair of horns on your head.
You reflexively headbutt those who attack you in melee.


   Skills:
 + Level 4.4 Fighting
 + Level 3.4 Long Blades
 + Level 4.4 Armour
 + Level 4.3 Shields


You had 3 spell levels left.
You didn't know any spells.
Your spell library contained the following spells:

 Spells                   Type           Power      Damage    Failure   Level
 Freeze                   Ice            0%         1d3       87%         1
 Frozen Ramparts          Ice            0%         1d2       99%         3
 Hailstorm                Conj/Ice       0%         3d3       100%        4

Inventory:

Hand Weapons
 a - a +0 long sword (weapon) {long}
 n - a +0 short sword of speed {short}
   (You found it on level 2 of the Dungeon)
Armour
 b - a +0 scale mail (worn)
 c - a +0 buckler (worn)
Jewellery
 f - an amulet of regeneration (around neck) {@e2}
   (You found it on level 1 of the Dungeon)
Wands
 l - a wand of paralysis (6)
   (You found it on level 2 of the Dungeon)
Scrolls
 e - a scroll of torment {unknown}
 g - a scroll of identify {unknown}
 h - a scroll of holy word {unknown}
 j - a scroll of enchant armour {unknown}
Potions
 i - a potion of cancellation {unknown}
 k - a potion of heal wounds {unknown}
 m - a potion of lignification {unknown}

Dungeon Overview and Level Annotations

Branches:
Dungeon (3/15)

Altars:

Annotations:
D:3 Ijyb

♣♣♣♣ .###
..####...# .#
######..!...#.##
..
....##..#......#
#.#.###...[......#
.......g....†....#
.#.J.JS#.S......#
#...###l#.#.#)...#
## #..@#.....).##
#.###.#.#<.##
#../......## #
#...#.#..
#..##.#.## #..
....# .. .. #.# ..
#<. ... ###


You could see Ijyb, an iguana, an adder and an endoplasm.


Message History

You kill the bat!
You see here a bat corpse.
There is a stone staircase leading up here.
A goblin comes into view. It is wielding a +0 dagger.
The goblin shouts!
You slash the goblin!
You kill the goblin!
Things that are here:
a +0 dagger {short}; a goblin corpse
n - a +0 short sword of speed {short}
Things that are here:
a +0 dagger {short}; a goblin corpse Done exploring.
Done exploring.
(D) Dungeon
Where to? (Enter - D:2 @ (x,y), ? - help)
There is a stone staircase leading down here.
You climb downwards.
Ijyb shouts!
The adder hisses angrily.
The iguana hisses angrily.
The kobold shouts!
There is a stone staircase leading up here.
There are monsters nearby!
An adder comes into view.
You barely miss the kobold. You headbutt the kobold. The bat barely misses you.
The bat hits you but does no damage. The kobold closely misses you.
You miss the kobold. The bat completely misses you. The bat barely misses you.
The kobold closely misses you. You furiously retaliate!
You headbutt the kobold.
You kill the kobold!
You closely miss the adder. Your headbutt misses the adder.
The bat hits you but does no damage. x2; The adder closely misses you.
You furiously retaliate!
You headbutt the adder!
You kill the adder!
The iguana bites you.
The bat hits you but does no damage. 😕 HP[-3]
You take 3 damage, and now have 38/41 hp.
The bat misses you. You furiously retaliate!
You headbutt the bat.
Things that are here:
a +0 dagger {short}; 4 stones {throwing} 😕 HP[+1]
The bat hits you but does no damage. The iguana barely misses you. 😕 HP[+1]
You closely miss the bat. The bat hits you but does no damage.
You block the iguana's attack. 😎 HP[+1]
The bat hits you but does no damage. The bat closely misses you.
The adder closely misses you. The iguana barely misses you.
The bat completely misses you. You furiously retaliate!
You headbutt the bat!
You kill the bat!
You block the adder's attack. The adder bites you but does no damage.
You hit Ijyb. Your headbutt misses Ijyb. The adder bites you.
You are poisoned.
The adder poisons you! Ijyb barely misses you. You furiously retaliate!
You headbutt Ijyb! 😕 HP[-3]
You take 3 damage, and now have 38/41 hp.
You hit Ijyb.
You feel sick. The adder misses you. You furiously retaliate!
You headbutt the adder! The iguana barely misses you. Ijyb misses you.
The adder bites you. The iguana closely misses you.
Ijyb hits you with a +0 dagger. 😮 HP[-9]
You take 9 damage, and now have 29/41 hp.
MASSIVE DAMAGE!! (PAUSE)
You miss Ijyb.
You feel sick. The adder bites you. The iguana bites you.
Ijyb hits you but does no damage.
The adder bites you but does no damage. 😮 HP[-6]
You take 6 damage, and now have 23/41 hp.
You hit Ijyb but do no damage.
You feel sick. The adder barely misses you. The iguana bites you!
* * * LOW HITPOINT WARNING * * *
Ijyb closely misses you. 😨 HP[-7]
You take 7 damage, and now have 16/41 hp.
You feel sick.
The adder bites you but does no damage. x2
You feel sick.
You are no longer poisoned.
An endoplasm comes into view.
The endoplasm quivers. 😨 HP[+1] 😨 HP[+1] 😨 HP[+1]
You closely miss the iguana. You headbutt the iguana.
The iguana closely misses you. The iguana bites you.
* * * LOW HITPOINT WARNING * * *
😨 HP[+1]
You closely miss the iguana. The iguana bites you!
* * * LOW HITPOINT WARNING * * *
😨 HP[-7]
You take 7 damage, and now have 13/41 hp.
You feel very mighty all of a sudden. The iguana bites you!
* * * LOW HITPOINT WARNING * * *
😱 HP[-8]
You take 8 damage, and now have 5/41 hp.
You closely miss the iguana. The iguana bites you.
* * * LOW HITPOINT WARNING * * *
😱 HP[-3]
You take 3 damage, and now have 2/41 hp.
You hit the iguana. The iguana bites you!
You die...

Skill      XL: |  1  2 |
---------------+-------+-----
Fighting       | 4 |  4.4
Armour         | 4 |  4.4
Shields        | 4 |  4.3
Long Blades    | 3 |  3.4

Action                   |  1- 3 |  4- 6 || total
-------------------------+-------+-------++-------
Melee: Long sword        |    81 |    18 ||    99
       Headbutt          |    13 |     3 ||    16
  Use: Potion            |       |     1 ||     1
Armor: Scale mail        |    43 |    15 ||    58
Dodge: Dodged            |    47 |    23 ||    70
Block: Buckler           |    17 |     2 ||    19

Levels and vault maps discovered:
D:1:      dpeg_arrival_lava_temple_mockup, layout_loops_cross,
          grunt_decor_arrowhead
D:2:      layout_loops_ring
D:3:      layout_basic, serial_forest, infiniplex_forest_lined_room_2,
          infiniplex_forest_end_double, infiniplex_forest_straight_5,
          infiniplex_forest_lined_corner, infiniplex_forest_pool,
          infiniplex_forest_straight_1, uniq_ijyb

Notes
Turn   | Place    | Note
-------+----------+-------------------------------------------
     0 | D:1      | Faeu the Minotaur Fighter began the quest for the Orb.
     0 | D:1      | Reached XP level 1. HP: 19/19 MP: 0/0
     0 | D:1      | magus.rc [v1.9.6]
   245 | D:1      | Reached XP level 2. HP: 27/27 MP: 1/1
   424 | D:1      | Reached skill level 4 in Fighting
   424 | D:1      | Reached skill level 4 in Armour
   424 | D:1      | Reached skill level 4 in Shields
   481 | D:1      | Reached skill level 3 in Long Blades
   562 | D:1      | Reached XP level 3. HP: 33/33 MP: 2/2
  1077 | D:2      | Reached XP level 4. HP: 41/41 MP: 3/3
  1269 | D:2      | You pick up a book of Frost and begin reading...
  1269 | D:2      | You add the spells Freeze, Frozen Ramparts and Hailstorm to
                  | your library.
  1408 | D:3      | Noticed Ijyb
  1430 | D:3      | HP: 5/41 [iguana (9)]
  1431 | D:3      | HP: 2/41 [iguana (4)]
  1432 | D:3      | Mangled by an iguana

Vanquished Creatures
  3 adders
  A dart slug (D:1)
  4 ball pythons
  8 endoplasms
  2 giant cockroaches
  9 goblins
  4 hobgoblins
  3 jackals (D:1)
  5 kobolds
  A quokka (D:1)
  6 bats
  4 rats
50 creatures vanquished.

Table legend:
 A = Non-vault XP
 B = Vault XP
 C = Vault XP percentage of total XP
 D = Non-vault monster count
 E = Vault monster count
 F = Vault count percentage of total count
                 A         B        C        D         E       F
            +---------+---------+-------+---------+---------+-------
      Total |     122 |       0 |   0.0 |      50 |       0 |   0.0
            +---------+---------+-------+---------+---------+-------
        D:1 |      49 |       0 |   0.0 |      27 |       0 |   0.0
        D:2 |      56 |       0 |   0.0 |      20 |       0 |   0.0
        D:3 |      17 |       0 |   0.0 |       3 |       0 |   0.0
            +---------+---------+-------+---------+---------+-------

Illustrated notes

Table legend:
 A = Kills in this place as a percentage of kills in entire the game.
 B = Kills by you in this place as a percentage of kills by you in the entire game.
 C = Kills by friends in this place as a percentage of kills by friends in the entire game.
 D = Other kills in this place as a percentage of other kills in the entire game.
 E = Experience gained in this place as a percentage of experience gained in the entire game.
 F = Experience gained in this place divided by the number of levels of this place that you have seen.
                   A       B       C       D       E      F
               +-------+-------+-------+-------+-------+----------------------
         Total | 100.0 | 100.0 |   N/A |   N/A | 100.0 |  40.7
       Dungeon | 100.0 | 100.0 |   N/A |   N/A | 100.0 |  40.7
               +-------+-------+-------+-------+-------+----------------------

Table legend: (Time is in decaauts)
 A = Elapsed time spent in this place.
 B = Non-inter-level travel time spent in this place.
 C = Inter-level travel time spent in this place.
 D = Time resting spent in this place.
 E = Time spent auto-exploring this place.
 F = Levels seen in this place.
 G = Mean time per level.
                   A        B        C        D        E       F      G
               +--------+--------+--------+--------+--------+-----+--------+
         Total |   1460 |   1409 |     51 |      0 |   1007 |   3 |  486.7 |
       Dungeon |   1460 |   1409 |     51 |      0 |   1007 |   3 |  486.7 |
               +--------+--------+--------+--------+--------+-----+--------+

Top non-repeatable levels by time:
     D:1: 840 daAuts
     D:2: 593 daAuts
     D:3: 26 daAuts
